 Dungeon Crawl Stone Soup version 0.22-a0-274-gf8199ec (webtiles) character file.

45 Amnesiac the Magician (level 3, 0/26 HPs)
             Began as a Mummy Wizard on Mar 13, 2018.
             Was an Initiate of Sif Muna.
             Slain by a leopard gecko (2 damage)
             ... on level 1 of the Dungeon.
             The game lasted 00:02:06 (1049 turns).

Amnesiac the Magician (Mummy Wizard)                Turns: 1049, Time: 00:02:07

Health: 0/26       AC:  2    Str: 10    XL:     3   Next: 42%
Magic:  0/8        EV: 12    Int: 18    God:    Sif Muna [......]
Gold:   103        SH:  0    Dex: 10    Spells: 1/10 levels left

rFire    x . .     SeeInvis .   (no weapon)
rCold    + . .     Gourm    .   (no shield)
rNeg     + + +     Faith    .   a - +0 robe
rPois    ∞         Spirit   .   b - +0 hat
rElec    .         Reflect  .   (no cloak)
rCorr    .         Harm     .   (no gloves)
MR       .....                  (no boots)
Stlth    ++........             (no amulet)
HPRegen  0.08/turn              (no ring)
MPRegen  0.11/turn              (no ring)

@: no status effects
A: no food or potions, fire vulnerability, cold resistance 1, negative energy
resistance 3, torment resistance, unbreathing
a: Renounce Religion


You were on level 1 of the Dungeon.
You worshipped Sif Muna.
Sif Muna was noncommittal.
You were not hungry.

You visited 1 branch of the dungeon, and saw 2 of its levels.

You collected 103 gold pieces.

Inventory:

Missiles
 d - 4 stones (quivered)
Armour
 a - a +0 robe (worn)
 b - a +0 hat (worn)
Scrolls
 c - a scroll of teleportation {!r, unknown}
 e - 2 scrolls of remove curse {!r, unknown}
 f - a scroll of fog {!r, unknown}


   Skills:
 - Level 1.0 Fighting
 - Level 2.0 Dodging
 - Level 1.5 Stealth
 - Level 4.0 Spellcasting
 + Level 2.2 Conjurations
   Level 0.7 Summonings
 - Level 0.7 Translocations


You had one spell level left.
You knew the following spells:

 Your Spells              Type           Power        Failure   Level  Hunger
a - Magic Dart            Conj           ##..         6%          1    N/A
e - Mephitic Cloud        Conj/Pois/Air  #.......     32%         3    N/A
s - Conjure Flame         Conj/Fire      #.......     28%         3    N/A
v - Blink                 Tloc           N/A          17%         2    N/A

Dungeon Overview and Level Annotations

Branches:
Dungeon (2/15)

Altars:
Sif Muna


Innate Abilities, Weirdness & Mutations

You do not eat or drink.
Your flesh is vulnerable to fire.
You are immune to poison.
Your flesh is cold resistant. (rC+)
You are immune to negative energy. (rN+++)
You are immune to unholy pain and torment.
You can survive without breathing.


Message History

The magic dart hits the giant cockroach.
The leopard gecko closely misses you. The giant cockroach bites you.
The leopard gecko bites you.
Casting: Magic Dart (safe; 6% risk of failure)
Confirm with . or Enter, or press ? or * to list all spells.
Aiming: Magic Dart (safe; 6% risk of failure)
Press: ? - help, Shift-Dir - straight line, f/p - giant cockroach
Aim: a giant cockroach The magic dart hits the giant cockroach.
The giant cockroach is heavily wounded.
The giant cockroach barely misses you. The leopard gecko bites you.
The giant cockroach barely misses you.
Casting: Magic Dart (safe; 6% risk of failure)
Confirm with . or Enter, or press ? or * to list all spells.
Aiming: Magic Dart (safe; 6% risk of failure)
Press: ? - help, Shift-Dir - straight line, f/p - giant cockroach
Aim: a giant cockroach (heavily wounded)
The magic dart hits the giant cockroach.
The giant cockroach is heavily wounded.
The leopard gecko bites you.
* * * LOW HITPOINT WARNING * * *
The giant cockroach closely misses you.
Casting: Magic Dart (safe; 6% risk of failure)
Confirm with . or Enter, or press ? or * to list all spells.
Aiming: Magic Dart (safe; 6% risk of failure)
Press: ? - help, Shift-Dir - straight line, f/p - giant cockroach
Aim: a giant cockroach (heavily wounded)
The magic dart hits the giant cockroach.
The giant cockroach is severely wounded.
The leopard gecko bites you.
* * * LOW HITPOINT WARNING * * *
The giant cockroach waves its antennae.
The giant cockroach bites you.
* * * LOW HITPOINT WARNING * * *
Casting: Magic Dart (safe; 6% risk of failure)
Confirm with . or Enter, or press ? or * to list all spells.
You don't have enough magic to cast that spell.
Casting: Magic Dart (safe; 6% risk of failure)
Confirm with . or Enter, or press ? or * to list all spells.
You don't have enough magic to cast that spell.
Casting: Magic Dart (safe; 6% risk of failure)
Confirm with . or Enter, or press ? or * to list all spells.
You don't have enough magic to cast that spell.
The leopard gecko closely misses you. The giant cockroach closely misses you.
You climb upwards.
There is a stone staircase leading down here.
The leopard gecko bites you.
* * * LOW HITPOINT WARNING * * *
The giant cockroach barely misses you. The leopard gecko barely misses you.
The giant cockroach closely misses you.
The leopard gecko bites you but does no damage.
The giant cockroach barely misses you.
Okay, then.
Casting: Magic Dart (safe; 6% risk of failure)
Confirm with . or Enter, or press ? or * to list all spells.
Aiming: Magic Dart (safe; 6% risk of failure)
Press: ? - help, Shift-Dir - straight line, f - leopard gecko
Aim: a leopard gecko (clinging)
The magic dart hits the leopard gecko.
The leopard gecko is moderately wounded.
The leopard gecko closely misses you.
Unknown command.
The leopard gecko bites you.
You die...

# ###..### #.......# #
#..##..# #.......# #
##÷##.## #...>...# #
#.#..# #.......# #
#....# ####.#### #
####.# #.# ########.#
#s# ..÷...##÷# #l#
#####..#.## #@### #
##.#..# #.!.## #
#.##.# ###..# # #..#.#
##.# # ##.#.#
#######.# #
#...###.......# #
######......######## #
#........#### ###.#
###.#####..#######...#


You could see a leopard gecko and a giant cockroach.

Vanquished Creatures
  An adder (D:2)
  An ooze (D:2)
  5 leopard geckos
  7 bats
  2 goblins (D:1)
  2 hobgoblins (D:2)
  5 kobolds (D:1)
  3 frilled lizards (D:1)
  2 rats (D:1)
28 creatures vanquished.

Notes
Turn   | Place    | Note
-------+----------+-------------------------------------------
     0 | D:1      | Amnesiac the Mummy Wizard began the quest for the Orb.
     0 | D:1      | Reached XP level 1. HP: 13/13 MP: 5/5
     7 | D:1      | Reached skill level 1 in Conjurations
   227 | D:1      | Reached XP level 2. HP: 19/19 MP: 0/7
   878 | D:2      | Reached XP level 3. HP: 25/25 MP: 0/8
   882 | D:2      | Learned a level 2 spell: Blink
   886 | D:2      | Learned a level 3 spell: Conjure Flame
   890 | D:2      | Learned a level 3 spell: Mephitic Cloud
   957 | D:2      | Found a deep blue altar of Sif Muna.
   978 | D:2      | Became a worshipper of Sif Muna the Loreminder
   984 | D:2      | Reached skill level 1 in Fighting
  1049 | D:1      | Slain by a leopard gecko

Vault maps used:
D:1:      scummos_arrival_star, st_stairs_7
D:2:      minitemple, lemuel_doored_altar, nicolae_overflow_hidden_temple,
          minmay_misc_feat_rows

Skill      XL: |  1  2  3 |
---------------+----------+-----
Conjurations   | 1 2 |  2.2
Dodging        | 2 |  2.0
Fighting       | 1 |  1.0
Stealth        | |  1.5
Spellcasting   | |  4.0
Summonings     | |  0.7
Translocations | |  0.7

Action                   || total
-------------------------++-------
Melee: Unarmed           ||    31
 Cast: Magic Dart        ||    73
Armor: Robe              ||    15
Dodge: Dodged            ||    63

Table legend:
 A = Spawn XP
 B = Non-spawn XP
 C = Spawn XP percentage of total XP
 D = Spawn monster count
 E = Non-spawn monster count
 F = Spawn count percentage of total count
 G = Total turns spent on level
                    A         B        C        D         E        F      G
               +---------+---------+-------+---------+---------+-------+---------
         Total |       0 |      65 |   0.0 |       0 |      28 |   0.0 |  1049
               +---------+---------+-------+---------+---------+-------+---------
           D:1 |       0 |      35 |   0.0 |       0 |      21 |   0.0 |   880
           D:2 |       0 |      30 |   0.0 |       0 |       7 |   0.0 |   169
               +---------+---------+-------+---------+---------+-------+---------
